 Dungeon Sprint DCSS version 0.21.1-1-g345015f (webtiles) character file.

453 sankara the Basher (level 6, -13/62 HPs)
             Began as a Minotaur Fighter on Apr 3, 2018.
             Mangled by Sonja
             ... wielding a +0 short sword of distortion
              (14 damage)
             ... in the Dungeon (Sprint I: "Red Sonja").
             The game lasted 00:02:17 (338 turns).

sankara the Basher (Minotaur Fighter)                Turns: 338, Time: 00:02:18

Health: -13/62     AC:  8    Str: 22    XL:     6   Next: 75%
Magic:  5/5        EV:  8    Int:  5    God:
Gold:   297        SH: 11    Dex: 10    Spells: 5/5 levels left

rFire    . . .     SeeInvis .   a - +0 flail
rCold    . . .     Gourm    .   c - +0 shield
rNeg     . . .     Faith    .   b - +0 scale mail
rPois    .         Spirit   .   (helmet restricted)
rElec    .         Reflect  .   (no cloak)
rCorr    .         Harm     .   (no gloves)
MR       .....     NoTele   +   (no boots)
Stlth    ..........             (no amulet)
HPRegen  0.20/turn              (no ring)
MPRegen  0.09/turn              (no ring)

@: lethally poisoned (-13 -> -46), slowed, very slow
A: retaliatory headbutt, horns 2
a: no special abilities


You were in the Dungeon.
You were not hungry.

You visited 1 branch You collected 297 gold pieces.

Inventory:

Hand Weapons
 a - a +0 flail (weapon)
Armour
 b - a +0 scale mail (worn)
 c - a +0 shield (worn)
Scrolls
 k - a scroll of blinking {!r}
 m - a scroll of fog {unknown}
Potions
 d - a potion of might
 e - a potion of curing
 g - 2 potions of heal wounds
 h - a potion of haste
 i - 2 potions of magic
 j - a potion of berserk rage {!q}
Comestibles
 f - a ration
 l - 3 chunks of flesh {@w0}


   Skills:
 + Level 8.6 Fighting
 * Level 11.1 Maces & Flails
 + Level 8.6 Armour
 + Level 8.6 Shields


You had 5 spell levels left.
You didn't know any spells.

Dungeon Overview and Level Annotations

Branches:
Dungeon (1/1)

Altars:
Cheibriados
Dithmenos
Elyvilon
Fedhas
Hepliaklqana
Kikubaaqudgha
Makhleb
Okawaru
Qazlal
Ru
Sif Muna
Trog
Uskayaw
Vehumet
Wu Jian
Xom
Yredelemnul
Zin
The Shining One
Jiyva
Lugonu

Shops:
D :

Annotations:
D Sonja


Innate Abilities, Weirdness & Mutations

You reflexively headbutt those who attack you in melee.
You have a pair of horns on your head.


Message History

There is an open door here.
You start resting.
HP restored.
You open the door.
Marking area around the jelly as unsafe for travelling.
A jelly comes into view.
The jelly quivers.
The jelly moves out of view.
Found a scroll labeled SIEP GOKHEE and 5 large rocks.
Found an ornate altar of the Wu Jian Council and a deep blue altar of Sif Muna.
There is an open door here.
Found a radiant altar of Vehumet.
You see here a scroll labeled SIEP GOKHEE.
m - a scroll labeled SIEP GOKHEE You block the jelly's attack.
You sock the jelly!
Your hands burn!
The jelly is almost dead.
You block the jelly's attack.
You thump the jelly!
You kill the jelly!
You see here 5 large rocks {!d}.
There is a deep blue altar of Sif Muna here.
You open the door.
There is an open door here.
g - 2 potions of heal wounds (gained 1)
There is an open door here.
There is a deep blue altar of Sif Muna here.
There is an ornate altar of the Wu Jian Council here.
You open the door.
A centaur warrior comes into view. x2
You close the door.
You open the door.
There is an open door here.
You now have 189 gold pieces (gained 27).
You now have 216 gold pieces (gained 27).
You now have 243 gold pieces (gained 27).
You now have 270 gold pieces (gained 27).
You now have 297 gold pieces (gained 27).
There is an open door here.
You open the door.
Marking area around Sonja as unsafe for travelling.
Sonja, the Graceful Assassin comes into view.
She is wielding a short sword of distortion.
Sonja shouts!
Sonja unwields an uncursed short sword of distortion.
Its appearance distorts for a moment.
Sonja wields an uncursed blowgun.
Sonja shoots a curare-tipped needle.
The curare-tipped needle barely misses you.
You close the door.
Sonja opens the door.
You open the door.
A yak comes into view.
The yak bellows!
Sonja shoots a curare-tipped needle.
The curare-tipped needle hits you.
You are poisoned.
You have difficulty breathing.
You feel yourself slow down.
Found Toaxoada's Book Emporium.
Found fourteen altars.
Your shield and scale mail prevent you from hitting the yak.
You feel sick.
Sonja shoots a curare-tipped needle.
The curare-tipped needle hits you.
You are more poisoned.
You have difficulty breathing.
You feel as though you will be slow longer.
The yak gores you.
Sonja bows elegantly.
Sonja shoots a curare-tipped needle.
The curare-tipped needle hits you.
You are more poisoned.
You have difficulty breathing.
You feel as though you will be slow longer.
You block the yak's attack.
You sock the yak!
The yak is moderately wounded.
You feel very sick.
Sonja shoots a curare-tipped needle.
The curare-tipped needle hits you.
You are more poisoned.
You have difficulty breathing.
You feel as though you will be slow longer.
Sonja shoots a curare-tipped needle.
The curare-tipped needle barely misses you.
You block the yak's attack.
Your shield prevents you from hitting the yak.
The yak is moderately wounded.
* * * LOW HITPOINT WARNING * * *
You feel very sick.
Sonja shoots a curare-tipped needle.
You block the curare-tipped needle. The yak closely misses you.
You hit the yak but do no damage. You headbutt the yak.
The yak is heavily wounded.
* * * LOW HITPOINT WARNING * * *
You feel very sick. The yak gores you!
* * * LOW HITPOINT WARNING * * *
You barely miss the yak.
The yak is heavily wounded.
* * * LOW HITPOINT WARNING * * *
You feel very sick.
Sonja unwields an uncursed blowgun.
Sonja wields an uncursed short sword of distortion.
Its appearance distorts for a moment.
You block Sonja's attack. Sonja hits you but does no damage.
Space warps horribly around you!
You die...

###################
#<.#..)..#..'..#__#
#..'[.#..').#..'..+
#..#####'#####'#__# #
#..# #..#...#.####??#
#..#__####..##(#≈≈§§c#
#..#_____##'#_.+≈≈≈§.+
#⌠⌠#_.∩...Y@(._#≈§§§c#
####_..__##K.#'# +#
___ ##'#.# # #.### $.$
$.$# ##.## #+#


You could see a yak and Sonja.

Vanquished Creatures
  A slime creature (D)
  Sigmund (D)
  An ogre (D)
  A jelly (D)
  Ijyb (D)
5 creatures vanquished.

Notes
Turn   | Place    | Note
-------+----------+-------------------------------------------
     0 | D        | sankara the Minotaur Fighter began the quest for the Orb.
     0 | D        | Reached XP level 1. HP: 19/19 MP: 0/0
     1 | D        | Noticed Ijyb
    11 | D        | Killed Ijyb
    11 | D        | Reached skill level 4 in Fighting
    11 | D        | Reached skill level 4 in Maces & Flails
    11 | D        | Reached skill level 4 in Armour
    11 | D        | Reached skill level 4 in Shields
    11 | D        | Reached XP level 2. HP: 27/28 MP: 1/1
    14 | D        | Noticed an ogre
    20 | D        | Killed an ogre
    20 | D        | Reached skill level 6 in Fighting
    20 | D        | Reached skill level 7 in Maces & Flails
    20 | D        | Reached skill level 6 in Armour
    20 | D        | Reached skill level 6 in Shields
    20 | D        | Reached XP level 3. HP: 16/37 MP: 2/2
    20 | D        | Reached XP level 4. HP: 19/44 MP: 3/3
   192 | D        | Noticed Sigmund
   200 | D        | Killed Sigmund
   200 | D        | Reached skill level 7 in Fighting
   200 | D        | Reached skill level 9 in Maces & Flails
   200 | D        | Reached skill level 7 in Armour
   200 | D        | Reached skill level 7 in Shields
   200 | D        | Reached XP level 5. HP: 45/52 MP: 4/4
   252 | D        | Found a burning altar of Makhleb.
   252 | D        | Found a viscous altar of Jiyva.
   252 | D        | Found a shimmering altar of Xom.
   252 | D        | Found a corrupted altar of Lugonu.
   252 | D        | Noticed a slime creature
   257 | D        | Killed a slime creature
   257 | D        | Reached skill level 8 in Fighting
   257 | D        | Reached skill level 11 in Maces & Flails
   257 | D        | Reached skill level 8 in Armour
   257 | D        | Reached skill level 8 in Shields
   257 | D        | Reached XP level 6. HP: 55/62 MP: 5/5
   288 | D        | Found an ornate altar of the Wu Jian Council.
   288 | D        | Found a deep blue altar of Sif Muna.
   290 | D        | Found a radiant altar of Vehumet.
   309 | D        | Noticed a centaur warrior
   310 | D        | Noticed a centaur warrior
   330 | D        | Noticed Sonja
   333 | D        | Found Toaxoada's Book Emporium.
   333 | D        | Found an ancient bone altar of Kikubaaqudgha.
   333 | D        | Found a hazy altar of Hepliaklqana.
   333 | D        | Found a stormy altar of Qazlal.
   333 | D        | Found a hide-covered altar of Uskayaw.
   333 | D        | Found a blossoming altar of Fedhas.
   333 | D        | Found a bloodstained altar of Trog.
   333 | D        | Found an iron altar of Okawaru.
   333 | D        | Found a basalt altar of Yredelemnul.
   333 | D        | Found a glowing golden altar of the Shining One.
   333 | D        | Found a snail-covered altar of Cheibriados.
   333 | D        | Found a sacrificial altar of Ru.
   333 | D        | Found a glowing silver altar of Zin.
   333 | D        | Found a shadowy altar of Dithmenos.
   333 | D        | Found a white marble altar of Elyvilon.
   333 | D        | Noticed a yak
   337 | D        | HP: 14/62 [poisoned by Sonja (curare-tipped needle)]
   337 | D        | HP: 5/62 [yak (9)]
   338 | D        | HP: 1/62 [poisoned by Sonja (curare-tipped needle)]
   338 | D        | Mangled by Sonja

Skill      XL: |  1  2  3  4  5 |
---------------+----------------+-----
Fighting       | 4 6 7 8 |  8.6
Maces & Flails | 4 7 9 11 | 11.1
Armour         | 4 6 7 8 |  8.6
Shields        | 4 6 7 8 |  8.6

Action                   |  1- 3 |  4- 6 || total
-------------------------+-------+-------++-------
Melee: Flail             |    14 |    18 ||    32
       Headbutt          |     2 |     6 ||     8
Armor: Scale mail        |     9 |     2 ||    11
Dodge: Dodged            |     7 |     4 ||    11
Block: Shield            |     1 |     9 ||    10

Vault maps used:
D:        dungeon_sprint_1

Table legend:
 A = Turns spent in this place as a percentage of turns spent in the entire game.
 B = Non-inter-level travel turns spent in this place as a percentage of non-inter-level travel turns spent in the entire game.
 C = Inter-level travel turns spent in this place as a percentage of turns spent in this place.
 D = Turns resting spent in this place as a percentage of non-inter-level travel turns spent in this place.
 E = Turns spent auto-exploring this place as a percentage of non-inter-level travel turns spent in this place.
 F = Non-inter-level travel turns spent in this place divided by the number of levels of this place that you've seen.
                   A       B       C       D       E      F
               +-------+-------+-------+-------+-------+----------------------
         Total | 100.0 | 100.0 |   0.0 |  63.9 |   0.0 | 338.0
       Dungeon | 100.0 | 100.0 |   0.0 |  63.9 |   0.0 | 338.0
               +-------+-------+-------+-------+-------+----------------------

Table legend:
 A = Kills in this place as a percentage of kills in entire the game.
 B = Kills by you in this place as a percentage of kills by you in the entire game.
 C = Kills by friends in this place as a percentage of kills by friends in the entire game.
 D = Other kills in this place as a percentage of other kills in the entire game.
 E = Experience gained in this place as a percentage of experience gained in the entire game.
 F = Experience gained in this place divided by the number of levels of this place that you have seen.
                   A       B       C       D       E      F
               +-------+-------+-------+-------+-------+----------------------
         Total | 100.0 | 100.0 |   N/A |   N/A | 100.0 | 648.0
       Dungeon | 100.0 | 100.0 |   N/A |   N/A | 100.0 | 648.0
               +-------+-------+-------+-------+-------+----------------------
